 Dungeon Crawl Stone Soup version 0.28-a0-653-g7e9dba17c3 (webtiles) character file.

Game seed: 11825509514186767322

12447 ytrimaz the Severer (level 11, -3/151 HPs)
             Began as a Minotaur Berserker on Oct 11, 2021.
             Was a High Priest of Trog.
             Slain by Frances (19 damage)
             ... on level 12 of the Dungeon on Oct 12, 2021.
             The game lasted 00:17:19 (13167 turns).

ytrimaz the Severer (Minotaur Berserker)           Turns: 13167, Time: 00:17:19

Health: -3/151     AC: 15    Str: 30    XL:     11   Next: 62%
Magic:  10/10      EV: 10    Int:  4    God:    Trog [*****.]
Gold:   1788       SH:  0    Dex: 11    Spells: 10/10 levels left

rFire   . . .      SeeInvis .   G - +4 executioner's axe (flame)
rCold   . . .      Faith    .   (shield currently unavailable)
rNeg    . . .      Spirit   .   r - +0 plate armour
rPois   +          Reflect  .   (helmet restricted)
rElec   .          Harm     .   (no cloak)
rCorr   .          Rampage  .   (no gloves)
Will    .....                   (no boots)
Stlth   ..........              (no amulet)
HPRegen 0.35/turn               q - ring of poison resistance
MPRegen 0.12/turn               i - +6 ring of strength

@: berserking, very quick
A: horns 2, retaliatory headbutt
a: Renounce Religion, Berserk, Trog's Hand, Brothers in Arms


You were on level 12 of the Dungeon.
You worshipped Trog.
Trog was extremely pleased with you.
You visited 1 branch of the dungeon, and saw 12 of its levels.
You also visited: Sewer, Ossuary and Bailey.

You collected 1788 gold pieces.

Inventory:

Hand Weapons
 C - a +5 battleaxe of flaming
 G - a +4 executioner's axe of flaming (weapon)
Armour
 r - a +0 plate armour (worn)
Jewellery
 i - a +6 ring of strength (right hand)
 p - a +4 ring of protection
 q - a ring of poison resistance (left hand)
 u - a ring of willpower
 y - a ring of positive energy
 B - a +6 ring of intelligence
 D - a ring of see invisible
Wands
 s - a wand of iceblast (28)
 w - a wand of flame (18)
 E - a wand of digging (12)
 H - a wand of paralysis (1)
Scrolls
 a - 4 scrolls of identify
 d - 4 scrolls of fog
 h - 4 scrolls of enchant armour
 t - 5 scrolls of teleportation
 v - a scroll of immolation {unknown}
 x - a scroll of fear
Potions
 b - 5 potions of heal wounds
 c - 3 potions of attraction
 e - a potion of flight
 f - a potion of lignification
 g - a potion of mutation
 j - 4 potions of haste
 k - 2 potions of ambrosia
 l - 3 potions of cancellation
 m - a potion of resistance
 n - 3 potions of might
 o - a potion of magic
 z - a potion of invisibility {unknown}
 A - 5 potions of curing


   Skills:
 + Level 10.5 Fighting
 + Level 15.5 Axes
 + Level 11.8 Armour
 + Level 5.9 Dodging


You had 10 spell levels left.
You didn't know any spells.
Your spell library was empty.

Dungeon Overview and Level Annotations

Branches:
Dungeon (12/15)            Temple (0/1) D:7            Lair (0/6) D:8
    Orc (0/2) D:9           Sewer (visited)         Ossuary (visited)
 Bailey (visited)

Altars:
Hepliaklqana
Kikubaaqudgha
Okawaru
Trog
Yredelemnul
The Shining One

Shops:
D:5 :=   D:12 *

Portals:
Abyss: D:11

Annotations:
D:10 3 runed translucent doors, SirDiesAlot's ghost, journeyman MiDe
D:11 2 transporters, SkeletonJelly's ghost, journeyman TeCK
D:12 Frances


Innate Abilities, Weirdness & Mutations

You have a pair of horns on your head.
You reflexively headbutt those who attack you in melee.


Message History

Search for what [Enter for "art", or ? for help]? shop Unknown command.
You see here 18 bolts.
Found 16 stones.
d - 4 scrolls of fog (gained 1)
You see here 16 stones.
Found an escape hatch in the floor.
a - 3 scrolls of identify (gained 1)
v - a scroll labelled KETOREWKEBOPT You see here a book of Debilitation.
You now have 1774 gold pieces (gained 23).
You now have 1788 gold pieces (gained 14).
A - 5 potions of curing (gained 1)
a - 4 scrolls of identify (gained 1) Frances, Duchess of Pandemonium comes into view.
She is wielding a +2 vorpal dire flail.
Found 15 gold pieces.
Frances shouts!
Frances drinks a potion.
Frances seems to speed up.
Frances is nearby!
Frances closely misses you.
Frances hits you with a +2 vorpal dire flail!
You closely miss Frances.
Frances hits you with a +2 vorpal dire flail!!
You slash Frances! You burn Frances.
Frances is lightly wounded.
Frances hits you with a +2 vorpal dire flail! x2
A red film seems to cover your vision as you go berserk!
You feel yourself moving faster!
You feel mighty!
Frances screams a word of power!
The iron shot hits you!!!
* * * LOW HITPOINT WARNING * * *
Frances barely misses you. You furiously retaliate!
You headbutt Frances!! You open Frances like a pillowcase!!! You burn Frances.
Your headbutt misses Frances.
Frances is heavily wounded.
Frances hits you but does no damage.
You slash Frances! You burn Frances. Your headbutt misses Frances.
Frances is severely wounded.
Frances hits you with a +2 vorpal dire flail!!
You die...

#.......#
#####.......#
............# #
.###........# #..
#........#
#....#.###########
#..............
#.#.###..######
.....# #@.#
###.... #@.# #.##.
$..# #. ###.## #.
..# ###


You could see Frances (fast).

Vanquished Creatures
  Erica (D:9)
  Pikel (D:7)
  An orc knight (Bailey)
  Maurice (D:10)
  Joseph (D:8)
  A komodo dragon (D:10)
  A troll (D:11)
  Sigmund (D:2)
  2 wraiths
  2 shadows (D:10)
  2 wyverns (D:8)
  Grum (D:9)
  13 yaks
  2 vampire mosquitoes (D:10)
  2 steam dragons
  6 water moccasins
  A hornet zombie (Ossuary)
  5 orc warriors
  A necrophage (D:6)
  3 sky beasts
  2 ogres
  4 wolves (D:9)
  11 centaurs
  7 kobold brigands
  5 bullfrogs
  A gnoll sergeant (D:9)
  A wyvern zombie (Ossuary)
  2 scorpions (D:6)
  3 water moccasin zombies (Ossuary)
  2 water moccasin skeletons (D:5)
  6 howler monkeys
  5 bullfrog zombies (Ossuary)
  5 centaur zombies
  5 hounds
  3 jellies
  6 orc priests
  A centaur skeleton (D:4)
  A gnoll shaman (D:6)
  An iguana (D:7)
  10 orc wizards
  2 killer bee zombies
  11 mummies
  3 howler monkey zombies (Ossuary)
  10 gnolls
  6 adders
  An adder skeleton (D:4)
  3 worms
  3 dart slugs
  37 orcs
  3 bat zombies (D:11)
  11 endoplasms
  4 giant cockroaches
  17 goblins
  14 hobgoblins
  8 jackals
  30 kobolds
  4 quokkas
  11 ball pythons
  13 bats
  3 frilled lizards
  A goblin zombie (D:6)
  A hobgoblin zombie (D:6)
  9 rats
  3 rat zombies (D:11)
337 creatures vanquished.

Vanquished Creatures (others)
  A fungus (Sewer)
  2 plants (Sewer)
  10 withered plants (Ossuary)
13 creatures vanquished.

Grand Total: 350 creatures vanquished

Notes
Turn   | Place    | Note
-------+----------+-------------------------------------------
     0 | D:1      | ytrimaz the Minotaur Berserker began the quest for the Orb.
     0 | D:1      | Reached XP level 1. HP: 19/19 MP: 0/0
   316 | D:1      | Reached skill level 4 in Axes
   316 | D:1      | Reached XP level 2. HP: 23/27 MP: 1/1
   759 | D:1      | Reached XP level 3. HP: 32/33 MP: 2/2
   880 | D:1      | Reached ** piety under Trog
  1229 | D:2      | Reached skill level 5 in Axes
  1229 | D:2      | Reached XP level 4. HP: 35/41 MP: 3/3
  1328 | D:2      | Found a basalt altar of Yredelemnul.
  1343 | D:2      | Noticed Sigmund
  1351 | D:2      | Killed Sigmund
  1352 | D:2      | Reached skill level 6 in Axes
  1352 | D:2      | Reached XP level 5. HP: 47/47 MP: 4/4
  1403 | D:2      | Found a faded altar of an unknown god.
  1898 | D:2      | Reached skill level 5 in Fighting
  2222 | D:3      | Found a glowing drain.
  2238 | Sewer    | Entered a sewer
  2281 | Sewer    | Reached XP level 6. HP: 56/56 MP: 5/5
  2442 | Sewer    | Reached *** piety under Trog
  2758 | D:3      | Reached skill level 7 in Axes
  2758 | D:3      | Reached XP level 7. HP: 45/61 MP: 6/6
  3074 | D:3      | Reached **** piety under Trog
  3106 | D:3      | Found a bloodstained altar of Trog.
  3140 | D:3      | Found a hazy altar of Hepliaklqana.
  3693 | D:4      | Reached skill level 5 in Armour
  4379 | D:5      | Entered Level 5 of the Dungeon
  4400 | D:5      | Reached skill level 8 in Axes
  4435 | D:5      | Found Zizimuy's Jewellery Shop.
  4529 | D:5      | Reached XP level 8. HP: 70/70 MP: 7/7
  4861 | D:5      | Found Vysmaud's Book Boutique.
  5160 | D:5      | Found an iron altar of Okawaru.
  5589 | D:6      | Reached skill level 9 in Axes
  5589 | D:6      | Reached skill level 5 in Dodging
  5623 | D:6      | Reached XP level 9. HP: 40/78 MP: 8/8
  5804 | D:6      | Found a sand-covered staircase.
  5811 | D:6      | Reached skill level 10 in Axes
  5814 | Ossuary  | Entered an ossuary
  6067 | Ossuary  | Reached ***** piety under Trog
  6643 | D:6      | Reached skill level 11 in Axes
  7230 | D:7      | Received a gift from Trog
  7615 | D:7      | Reached XP level 10. HP: 73/89 MP: 9/9
  7738 | D:7      | Noticed Pikel
  7746 | D:7      | Killed Pikel
  7782 | D:7      | Found a staircase to the Ecumenical Temple.
  8100 | D:8      | Noticed Joseph
  8109 | D:8      | Killed Joseph
  8110 | D:8      | Reached skill level 12 in Axes
  8110 | D:8      | Reached skill level 10 in Armour
  8404 | D:8      | Found a staircase to the Lair.
  8916 | D:8      | Reached skill level 13 in Axes
  9347 | D:9      | Found a staircase to the Orcish Mines.
  9393 | D:9      | Noticed Erica
  9399 | D:9      | Killed Erica
  9867 | D:9      | Found a glowing golden altar of the Shining One.
  9955 | D:9      | Noticed Grum
  9958 | D:9      | Reached skill level 14 in Axes
  9958 | D:9      | Reached XP level 11. HP: 94/97 MP: 10/10
  9964 | D:9      | Killed Grum
 10471 | D:10     | Entered Level 10 of the Dungeon
 10658 | D:10     | Received a gift from Trog
 10659 | D:10     | Noticed Maurice
 10659 | D:10     | Paralysed by Maurice for 4 turns
 10677 | D:10     | Paralysed by something for 6 turns
 10693 | D:10     | Killed Maurice
 10730 | D:10     | Found a flagged portal.
 10773 | Bailey   | Entered a bailey
 10870 | Bailey   | Noticed an orc knight
 10880 | Bailey   | Killed an orc knight
 10881 | Bailey   | Reached skill level 10 in Fighting
 11139 | D:10     | Found a runed translucent gate.
 11139 | D:10     | Found a runed translucent gate.
 11141 | D:10     | Found a runed translucent gate.
 11144 | D:10     | Noticed SirDiesAlot's ghost (journeyman MiDe)
 11544 | D:11     | Reached skill level 15 in Axes
 11545 | D:11     | Found a transporter.
 11546 | D:11     | Noticed a thrashing horror
 11546 | D:11     | Noticed SkeletonJelly's ghost (journeyman TeCK)
 11548 | D:11     | Noticed a glowing orange brain
 11555 | D:11     | Found a one-way gate to the infinite horrors of the Abyss.
 11555 | D:11     | Found a transporter.
 12888 | D:11     | Found an ancient bone altar of Kikubaaqudgha.
 13098 | D:12     | Found Lig Cur's General Store.
 13160 | D:12     | Noticed Frances
 13167 | D:12     | Slain by Frances

Illustrated notes

Levels and vault maps discovered:
D:1:      amcnicky_arrival_flooded_fountain, layout_rooms, minmay_quantized
D:2:      layout_loops_ring, hellmonk_ecumenical_altar_crossroads, basic_altar,
          grunt_decor_one_mirror, chequers_arboretum,
          chequers_serial_rivers_micro_a, uniq_sigmund
D:3:      minmay_bubble_buster, layout_rooms, overflow_temple_1_default,
          trog_three_pillars_becter, cheibrodos_sewer_entry_drain,
          kennysheep_minor_cross, grunt_ministairs_5
D:4:      layout_rooms, serial_co_window_serial, co_window_paths_a,
          co_window_of_opportunity_a, co_window_paths_a, co_window_corner_a,
          co_window_corner_a, co_window_of_opportunity_a, co_window_paths_c,
          co_window_unsneaky_path_c, co_window_unsneaky_path_c,
          co_window_broadway_c, glass_columns_a, glass_columns_a,
          glass_columns_c, glass_columns_b, minmay_misc_feat_alley
D:5:      layout_basic, okawaru_ov_weapons_minmay,
          nicolae_overflow_hidden_temple, serial_shops, shop,
          nicolae_shop_stone, columned_hall_lemuel
D:6:      layout_rooms, nicolae_ossuary_entry_giza
D:7:      layout_loops_ring, minmay_temple_entry_arrows, lemuel_old_faithful,
          uniq_pikel
D:8:      layout_basic, lair_entry_dummy, uniq_joseph
D:9:      layout_stronghold, general_overflow_altar, orc_0_dummy, uniq_grum,
          uniq_erica
D:10:     layout_loops_ring, enter_bailey_3, ebering_ghost_rock_garden,
          uniq_maurice
D:11:     layout_irregular_city, gammafunk_ghost_abyssal_escape,
          lemuel_zombie_altar_kikubaaqudgha
D:12:     layout_loops_cross, serial_shops, nicolae_stop_n_shop_2, uniq_frances,
          uniq_kirke

Skill      XL: |  1  2  3  4  5  6  7  8  9 10 11 |
---------------+----------------------------------+-----
Axes           | 4 5 6 7 8 9 11 14 15 | 15.5
Fighting       | 4 5 6 8 9 10 | 10.5
Armour         | 3 4 6 7 9 10 11 | 11.8
Dodging        | 3 4 5 |  5.9

Action                   |  1- 3 |  4- 6 |  7- 9 | 10-12 || total
-------------------------+-------+-------+-------+-------++-------
Melee: Hand axe          |    65 |    98 |   396 |       ||   559
       Headbutt          |    10 |    12 |    94 |    57 ||   173
       Battleaxe         |       |       |    12 |   143 ||   155
       Executioner's axe |       |       |       |    81 ||    81
Invok: Berserk           |     1 |     2 |     1 |     3 ||     7
  Use: Scroll            |       |     2 |    17 |     8 ||    27
       Potion            |       |       |       |     2 ||     2
Armor: Animal skin       |     7 |       |       |       ||     7
       Ring mail         |    13 |    50 |    46 |       ||   109
       Plate armour      |       |       |   159 |   199 ||   358
Dodge: Dodged            |    45 |    85 |   198 |   200 ||   528

Table legend: (Time is in decaauts)
 A = Elapsed time spent in this place.
 B = Non-inter-level travel time spent in this place.
 C = Inter-level travel time spent in this place.
 D = Time resting spent in this place.
 E = Time spent auto-exploring this place.
 F = Levels seen in this place.
 G = Mean time per level.
                   A        B        C        D        E       F      G
               +--------+--------+--------+--------+--------+-----+--------+
         Total |  13259 |  12931 |    328 |   2131 |   8174 |  15 |  883.9 |
       Dungeon |  11659 |  11331 |    328 |   1902 |   7310 |  12 |  971.6 |
         Sewer |    520 |    520 |      0 |     30 |    342 |   1 |  520.0 |
       Ossuary |    812 |    812 |      0 |    129 |    421 |   1 |  812.0 |
        Bailey |    267 |    267 |      0 |     69 |     99 |   1 |  267.0 |
               +--------+--------+--------+--------+--------+-----+--------+

Top non-repeatable levels by time:
    D:10: 1393 daAuts
     D:9: 1280 daAuts
     D:5: 1179 daAuts
     D:8: 1149 daAuts
     D:2: 1064 daAuts
    D:11: 981 daAuts
     D:1: 963 daAuts
     D:4: 959 daAuts
     D:3: 946 daAuts
     D:7: 874 daAuts
 Ossuary: 812 daAuts
     D:6: 798 daAuts
   Sewer: 520 daAuts
  Bailey: 267 daAuts
    D:12: 68 daAuts
